 Dungeon Crawl Stone Soup version 0.17.1-3-g152610e (webtiles) character file.

104 Heskey the Skirmisher (level 4, -14/40 HPs)
             Began as a Demigod Fighter on Mar 24, 2016.
             Demolished by Crazy Yiuf
             ... wielding a +3 quarterstaff of chaos
              (17 damage)
             ... on level 2 of the Dungeon.
             The game lasted 00:02:07 (1323 turns).

Heskey the Skirmisher (Demigod Fighter)             Turns: 1323, Time: 00:02:07

Health: -14/40     AC:  9    Str: 21    XL:     4   Next: 28%
Magic:  6/6        EV:  5    Int: 12    God:
Gold:   32         SH:  9    Dex: 15    Spells: 0 memorised, 3 levels left

rFire  . . .     SeeInvis .     a - +0 war axe
rCold  . . .     Clarity  .     m - +0 chain mail
rNeg   . . .     SustAt   +     c - +0 shield
rPois  .         Gourm    .     (no helmet)
rElec  .         Spirit   .     (no cloak)
rCorr  .         Warding  .     (no gloves)
rMut   .         Stasis   .     (no boots)
MR     .....                    (no amulet)
Stlth  ..........               (no ring)
                                (no ring)

@: not resistant to hostile enchantments, extremely unstealthy
A: high mp 1, sustain attributes
a: no special abilities


You were on level 2 of the Dungeon.
You were hungry.

You visited 1 branch of the dungeon, and saw 2 of its levels.

You collected 32 gold pieces.

Inventory:

Hand Weapons
 a - a +0 war axe (weapon)
Armour
 c - a +0 shield (worn)
 m - a +0 chain mail (worn)
Wands
 p - a wand of digging (10)
Scrolls
 f - a scroll of teleportation {unknown}
 g - 2 scrolls of identify {unknown}
 h - 2 scrolls of recharging {unknown}
 i - a scroll of blinking {unknown}
 j - a scroll of amnesia {unknown}
 o - a scroll of remove curse {unknown}
Potions
 b - 4 potions of lignification {unknown}
 d - a potion of might
 k - a potion of cancellation {unknown}
 n - a potion of heal wounds {unknown}
Comestibles
 e - 4 bread rations
 l - a meat ration


   Skills:
 * Level 3.6 Fighting
 + Level 2.5 Axes
 + Level 3.1 Armour
 + Level 3.3 Shields


You had 3 spell levels left.
You didn't know any spells.

Dungeon Overview and Level Annotations

Branches:
Dungeon (2/15)

Annotations:
D:2 Crazy Yiuf


Innate Abilities, Weirdness & Mutations

You have an increased reservoir of magic (+10% MP).
Your attributes are resistant to harm.


Message History

Crazy Yiuf cries, "Leather disdain mobile!"
Crazy Yiuf barely misses you. x2
You closely miss Crazy Yiuf.
Crazy Yiuf is moderately wounded.
You block Crazy Yiuf's attack.
You hit Crazy Yiuf.
Crazy Yiuf is moderately wounded.
Crazy Yiuf says, "Fluff disdain ladder!"
Crazy Yiuf hits you with a quarterstaff of chaos!
* * * LOW HITPOINT WARNING * * *
Crazy Yiuf draws strength from your injuries!
You are too injured to fight recklessly!
You are too injured to fight recklessly!
You are too injured to fight recklessly!
You slash Crazy Yiuf!
Crazy Yiuf is severely wounded.
Crazy Yiuf hits you with a quarterstaff of chaos!
* * * LOW HITPOINT WARNING * * *
You are electrocuted!
You die...

....## ...._#
....## ...## ####
.# ♣♣♣♣♣### .#
### ♣♣♣.♣..#.##
.#
#...#♣..♣......##
.#########
#...g@♣♣♣♣......#
....†....#
#)..#♣♣ ♣♣.#...#
.#######.# ###
♣♣##..# .# ##.#
#.## .######..#
#.# ........####
#######.###
##########.#
#.........## #
#....#
#..........# ####
#.####
#..........#


You could see Crazy Yiuf.

Vanquished Creatures
  Terence (D:2)
  Natasha (thrice) (D:2)
  An adder (D:2)
  A giant gecko (D:1)
  6 bats
  4 giant cockroaches
  3 hobgoblins (D:1)
  2 jackals (D:2)
  3 kobolds (D:1)
  A quokka (D:2)
  6 giant newts
  3 goblins
  5 rats
39 creatures vanquished.

Notes
Turn   | Place    | Note
--------------------------------------------------------------
     0 | D:1      | Heskey the Demigod Fighter began the quest for the Orb.
     0 | D:1      | Reached XP level 1. HP: 18/18 MP: 3/3
   116 | D:1      | Reached XP level 2. HP: 8/25 MP: 4/4
   472 | D:1      | Reached skill level 3 in Shields
   842 | D:2      | Reached XP level 3. HP: 27/31 MP: 5/5
   917 | D:2      | Found an ancient bone altar of Kikubaaqudgha.
   940 | D:2      | Noticed Terence
   952 | D:2      | Killed Terence
   986 | D:2      | Noticed Natasha
   995 | D:2      | Killed Natasha
   995 | D:2      | Reached XP level 4. HP: 13/38 MP: 6/6
  1125 | D:2      | Noticed Natasha
  1131 | D:2      | Killed Natasha
  1199 | D:2      | Found a shattered altar of Ashenzari.
  1237 | D:2      | Noticed Natasha
  1241 | D:2      | Killed Natasha
  1314 | D:2      | Noticed Crazy Yiuf
  1323 | D:2      | Demolished by Crazy Yiuf

Action                   |  1- 3 |  4- 6 || total
-------------------------+-------+-------++-------
Melee: War axe           |    94 |    27 ||   121
  Eat: Chunk             |       |     1 ||     1
